 Dungeon Crawl Stone Soup version 0.31-a0-626-g8143ab4f1d (webtiles) character file.

Game seed: 17572102644375879788

11925 bmack86 the Severer (level 11, -2/89 HPs)
             Began as a Minotaur Fighter on Aug 24, 2023.
             Was a High Priest of Okawaru.
             Slain by a centaur warrior zombie (3 damage)
             ... on level 12 of the Dungeon.
             The game lasted 00:24:09 (11602 turns).

bmack86 the Severer (Minotaur Fighter)             Turns: 11602, Time: 00:24:10

Health: -2/89      AC: 13    Str: 26    XL:     11   Next: 55%
Magic:  16/16      EV:  9    Int:  5    God:    Okawaru [*****.]
Gold:   772        SH:  5    Dex: 11    Spells: 10/10 levels left

rFire   + + .        a - +1 war axe (drain)
rCold   x . .        c - +0 buckler
rNeg    . . .        k - +0 fire dragon scales
rPois   +            (helmet restricted)
rElec   .            f - scarf "Umakos" {harm, +Blink Will+ Str+2 Stlth+}
rCorr   .            I - +0 pair of gloves
SInv    .            e - +1 pair of boots
Will    ++...        (no amulet)
Stlth   +            F - ring of poison resistance
HPRegen 0.34/turn    n - ring of willpower
MPRegen 0.15/turn

%: harm (+30% outgoing, +20% incoming)
@: slowed, very slow
A: horns 2, retaliatory headbutt
a: Renounce Religion, Evoke Blink, Heroism, Finesse, Duel


You were on level 12 of the Dungeon.
You worshipped Okawaru.
Okawaru was extremely pleased with you.
You visited 2 branches of the dungeon, and saw 13 of its levels.

You collected 772 gold pieces.

Inventory:

Hand Weapons
 a - a +1 war axe of draining (weapon)
 u - the +8 Vampire's Tooth {megavamp}
   (You found it on level 4 of the Dungeon)
 G - the +7 battleaxe "Ocelunwo" {flame, rF+}
   (Okawaru gifted it to you on level 10 of the Dungeon)

   rF+:       It protects you from fire.
Missiles
 r - 6 javelins
 v - 14 boomerangs
Armour
 c - a +0 buckler (worn)
 e - a +1 pair of boots (worn)
 f - the scarf "Umakos" (worn) {harm, +Blink Will+ Str+2 Stlth+}
   (You found it on level 5 of the Dungeon)

   Str+2:     It affects your strength (+2).
   Will+:     It increases your willpower.
   +Blink:    It lets you blink.
   Stlth+:    It makes you more stealthy.
 j - a scarf of resistance
 k - +0 fire dragon scales (worn)
 q - a +0 kite shield
 E - a +1 cloak
 I - a +0 pair of gloves (worn)
Jewellery
 h - a ring of flight
 n - a ring of willpower (right hand)
 y - an amulet of magic regeneration
 F - a ring of poison resistance (left hand)
 H - a ring of fire
Wands
 p - a wand of digging (8)
 t - a wand of flame (6) (quivered)
 z - a wand of quicksilver (18)
Scrolls
 b - 2 scrolls of immolation
 g - 6 scrolls of teleportation
 i - a scroll of fog
 m - a scroll of brand weapon
 o - 2 scrolls of vulnerability
 C - 2 scrolls of enchant weapon
Potions
 d - 4 potions of might
 l - 2 potions of haste
 s - 4 potions of enlightenment
 w - 3 potions of curing
 x - 2 potions of resistance
 A - 4 potions of brilliance
 B - a potion of berserk rage {unknown}
 D - a potion of mutation


   Skills:
 * Level 6.2 Fighting
 - Level 18.0 Axes
 + Level 5.1 Armour
 + Level 6.1 Shields
 - Level 8.0 Invocations


You had 10 spell levels left.
You didn't know any spells.
Your spell library contained the following spells:

 Spells                   Type           Power      Damage    Failure   Level
 Sandblast                Erth           0%         2d4       85%         1
 Ensorcelled Hibernation  Hex/Ice        0%         N/A       94%         2
 Passwall                 Tmut/Erth      0%         N/A       94%         2
 Poisonous Vapours        Pois/Air       0%         N/A       94%         2
 Sublimation of Blood     Necr           0%         N/A       94%         2
 Wereblood                Tmut           0%         N/A       94%         2
 Dazzling Flash           Conj/Hex       0%         N/A       99%         3
 Mephitic Cloud           Conj/Pois/Air  0%         N/A       99%         3
 Stone Arrow              Conj/Erth      0%         3d7       99%         3
 Swiftness                Air            0%         N/A       99%         3
 Vhi's Electric Charge    Tloc/Air       0%         N/A       99%         3
 Volatile Blastmotes      Fire/Tloc      0%         2d10      99%         3
 Arcjolt                  Conj/Air       0%         1d10      100%        5
 Freezing Cloud           Conj/Ice/Air   0%         6-21      100%        5
 Starburst                Conj/Fire      0%         6d3       100%        6
 Maxwell's Capacitive Co  Air            0%         ∞         100%        8
 Summon Hydra             Summ           Unusable   N/A       N/A         7

Dungeon Overview and Level Annotations

Branches:
Dungeon (12/15)            Temple (1/1) D:5            Lair (0/5) D:8
    Orc: D:9-12

Altars:
Ashenzari
Cheibriados
Dithmenos
Elyvilon
Fedhas
Gozag
Hepliaklqana
Kikubaaqudgha
Makhleb
Nemelex Xobeh
Okawaru
Qazlal
Ru
Sif Muna
Trog
Uskayaw
Vehumet
Wu Jian
Xom
Yredelemnul
Zin
The Shining One

Shops:
D:10 (   D:11 !


Innate Abilities, Weirdness & Mutations

You have a pair of horns on your head.
You reflexively headbutt those who attack you in melee.


Message History

The centaur warrior zombie kicks you but does no damage.
Your Fighting skill increases to level 6!
Your Shields skill increases to level 6!
You slice the centaur warrior zombie!!
The centaur warrior zombie is almost destroyed.
You completely miss the centaur warrior zombie.
You block the centaur warrior zombie's attack.
The centaur warrior zombie kicks you.
* * * LOW HITPOINT WARNING * * *
The centaur warrior zombie closely misses you.
The centaur warrior zombie kicks you but does no damage.
The centaur warrior zombie barely misses you.
You block the centaur warrior zombie's attack.
You slash the centaur warrior zombie!
The centaur warrior zombie is lightly damaged.
You slash the centaur warrior zombie!
You destroy the centaur warrior zombie!
Okawaru accepts your kill.
The centaur warrior zombie hits you but does no damage.
The centaur warrior zombie kicks you but does no damage.
The centaur warrior zombie hits you but does no damage.
The centaur warrior zombie kicks you.
* * * LOW HITPOINT WARNING * * *
Your Armour skill increases to level 5!
You slash the centaur warrior zombie!
You headbutt the centaur warrior zombie!
The centaur warrior zombie is heavily damaged.
The centaur warrior zombie barely misses you.
You furiously retaliate!
You headbutt the centaur warrior zombie!
The centaur warrior zombie kicks you but does no damage.
You slash the centaur warrior zombie!
Your headbutt misses the centaur warrior zombie.
The centaur warrior zombie is almost destroyed.
The centaur warrior zombie hits you but does no damage.
The centaur warrior zombie kicks you.
* * * LOW HITPOINT WARNING * * *
The centaur warrior zombie hits you but does no damage.
The centaur warrior zombie kicks you.
You die...

...............8
#############.[.
...........#...
...........#...
..........#...
$.........#...
######..........
...######....##.....#...
......Z@................
.......................)
...........######....<..
...........# ########
...######..+ .. #..# .
#..# #..#


You could see a centaur warrior zombie.

Vanquished Creatures
  4 two-headed ogres
  Lodul (D:11)
  Pikel (D:7)
  2 centaur zombies (D:12)
  An unseen horror (D:10)
  Psyche (D:11)
  A hornet (D:7)
  5 wraiths
  A shadow (D:12)
  6 yaks
  2 wyverns
  2 steam dragons
  An acid dragon (D:6)
  A water moccasin (D:7)
  2 sky beasts (D:6)
  5 orc warriors
  2 black bears
  3 ice beasts
  8 ogres
  5 centaurs
  2 lemures (D:7)
  A phantom (D:4)
  3 kobold brigands
  Blork the orc (D:4)
  2 gnoll sergeants (D:6)
  7 bullfrogs
  5 scorpions
  3 wights (D:10)
  3 killer bees (D:10)
  2 howler monkeys (D:11)
  4 orc priests (D:10)
  2 hounds
  3 jellies
  2 iguanas
  2 sleepcaps (D:5)
  12 orc wizards
  8 gnolls (D:6)
  7 adders
  A white imp (D:6)
  An ufetubus (D:7)
  2 dart slugs
  40 orcs
  12 endoplasms
  3 giant cockroaches
  8 goblins
  13 hobgoblins
  2 jackals (D:4)
  4 quokkas
  8 ball pythons
  11 bats
  5 frilled lizards
  26 kobolds
  4 rats
263 creatures vanquished.

Notes
Turn   | Place    | Note
-------+----------+-------------------------------------------
     0 | D:1      | bmack86 the Minotaur Fighter began the quest for the Orb.
     0 | D:1      | Reached XP level 1. HP: 19/19 MP: 0/0
   278 | D:1      | Found a faded altar of an unknown god.
   351 | D:1      | Reached XP level 2. HP: 21/26 MP: 1/1
  1136 | D:2      | You are sucked into a shaft and drop 2 floors!
  1144 | D:4      | Noticed a phantom
  1153 | D:4      | Killed a phantom
  1154 | D:4      | Reached skill level 4 in Axes
  1154 | D:4      | Reached skill level 5 in Shields
  1154 | D:4      | Reached XP level 3. HP: 14/31 MP: 2/2
  1154 | D:4      | Reached XP level 4. HP: 17/39 MP: 3/3
  1351 | D:2      | Found an iron altar of Okawaru.
  1365 | D:2      | Became a worshipper of Warmaster Okawaru
  1426 | D:2      | Reached skill level 5 in Axes
  1547 | D:2      | Reached XP level 5. HP: 45/45 MP: 4/4
  1874 | D:2      | Reached skill level 1 in Invocations
  3051 | D:4      | Found the +8 Vampire's Tooth {megavamp}
  3145 | D:4      | Noticed an ogre
  3151 | D:4      | Killed an ogre
  3152 | D:4      | Reached skill level 6 in Axes
  3152 | D:4      | Reached XP level 6. HP: 37/51 MP: 6/6
  3544 | D:4      | Noticed Blork the orc
  3554 | D:4      | Killed Blork the orc
  3557 | D:4      | Reached skill level 7 in Axes
  3705 | D:4      | Reached * piety under Okawaru
  3919 | D:5      | Entered Level 5 of the Dungeon
  4055 | D:5      | Found a staircase to the Ecumenical Temple.
  4062 | Temple   | Entered the Ecumenical Temple
  4754 | D:5      | Reached XP level 7. HP: 56/57 MP: 8/8
  4782 | D:5      | Identified the scarf "Umakos" {harm, +Blink Will+ Str+2
                  | Stlth+}
  5141 | D:6      | Reached skill level 8 in Axes
  5356 | D:6      | Reached ** piety under Okawaru
  5357 | D:6      | Reached skill level 9 in Axes
  5462 | D:6      | Reached XP level 8. HP: 55/64 MP: 10/10
  5662 | D:6      | HP: 3/64 [orc/+1 trident of pain (10)]
  5669 | D:6      | Reached skill level 10 in Axes
  5669 | D:6      | Reached skill level 5 in Invocations
  6153 | D:6      | Found an opulent altar of Gozag.
  6212 | D:6      | Reached skill level 11 in Axes
  6367 | D:7      | Reached *** piety under Okawaru
  6396 | D:7      | Reached XP level 9. HP: 44/70 MP: 12/12
  6489 | D:7      | Reached skill level 12 in Axes
  6860 | D:7      | Noticed Pikel
  6868 | D:7      | Killed Pikel
  6868 | D:7      | Reached **** piety under Okawaru
  6869 | D:7      | Reached skill level 13 in Axes
  7191 | D:8      | Found a staircase to the Lair.
  7369 | D:8      | Reached XP level 10. HP: 75/77 MP: 14/14
  7600 | D:8      | Found an ornate altar of the Wu Jian Council.
  7609 | D:8      | Reached skill level 14 in Axes
  8018 | D:9      | Noticed a two-headed ogre
  8026 | D:9      | Killed a two-headed ogre
  8043 | D:9      | Reached skill level 15 in Axes
  9003 | D:10     | Entered Level 10 of the Dungeon
  9003 | D:10     | Found Rasmikel's Weapon Shop.
  9024 | D:10     | HP: 1/68 [centaur (3)]
  9232 | D:10     | Reached skill level 16 in Axes
  9503 | D:10     | Found a burning altar of Makhleb.
  9509 | D:10     | Reached ***** piety under Okawaru
 10082 | D:10     | Found an iron altar of Okawaru.
 10228 | D:10     | Reached skill level 17 in Axes
 10228 | D:10     | Identified the +7 battleaxe "Ocelunwo" {flame, rF+}
                  | (Okawaru gifted it to you on level 10 of the Dungeon)
 10228 | D:10     | Received a gift from Okawaru
 10434 | D:11     | Noticed Psyche
 10441 | D:11     | Killed Psyche
 10442 | D:11     | Reached XP level 11. HP: 42/82 MP: 16/16
 10451 | D:11     | Noticed a two-headed ogre
 10460 | D:11     | Killed a two-headed ogre
 10741 | D:11     | Found Mopteurgh's Distillery.
 10785 | D:11     | Noticed a two-headed ogre
 10792 | D:11     | Killed a two-headed ogre
 10886 | D:11     | Noticed Lodul
 10893 | D:11     | Killed Lodul
 10894 | D:11     | Reached skill level 18 in Axes
 11367 | D:12     | Reached skill level 5 in Fighting
 11422 | D:12     | Noticed a two-headed ogre
 11430 | D:12     | Killed a two-headed ogre
 11599 | D:12     | HP: 4/89 [centaur warrior zombie (3)]
 11601 | D:12     | Reached skill level 5 in Armour
 11602 | D:12     | HP: 1/89 [centaur warrior zombie (2)]
 11602 | D:12     | Slain by a centaur warrior zombie

Illustrated notes

Levels and vault maps discovered:
D:1:      heliophobic_arrival_ceremonial_halls, layout_basic,
          serial_co_window_serial, co_window_paths_a, co_window_paths_a,
          co_window_paths_a, co_window_paths_a, co_window_corner_a,
          co_window_2corner, co_window_broadway_b, co_window_broadway_c,
          glass_columns_b, hellmonk_ecumenical_altar_crossroads,
          minmay_pentomino_r2
D:2:      minmay_recursive_quarters, layout_loops_corners, basic_altar,
          serial_bayou, serial_bayou_shore_a, serial_bayou_pond_a,
          serial_bayou_crossing, serial_bayou_pond_b
D:3:      layout_loops_ring, chequers_jeans
D:4:      layout_basic, uniq_blork_the_orc
D:5:      layout_layer_cave, minmay_temple_entry_hall,
          kennysheep_generic_room_14
D:6:      layout_basic, nicolae_gozag_cash_rules_everything_around_me,
          grunt_decor_arrowhead
D:7:      layout_rooms, uniq_pikel
D:8:      layout_loops_ring, nicolae_wu_jian_wuxing_cycle,
          grunt_lair_entry_orc_guard_hut
D:9:      layout_loops_cross
D:10:     layout_cave_pools, bloody_makhleb, lemuel_round_altar, serial_shops,
          shop
D:11:     layout_irregular_city, serial_shops, nicolae_shop_waterfront,
          uniq_lodul, uniq_psyche
D:12:     layout_irregular_city, kennysheep_orc_monster_closet_entryway,
          serial_undead, serial_undead_a, serial_undead_d, serial_undead_a,
          serial_undead_d, uniq_snorg, uniq_jorgrun, uniq_rupert
Temple:   mainiacjoe_temple_coin_purse

Skill      XL: |  1  2  3  4  5  6  7  8  9 10 11 |
---------------+----------------------------------+-----
Shields        | 4 5 6 |  6.1
Axes           | 4 5 6 7 9 11 13 17 18 | 18.0
Invocations    | 2 3 4 6 7 8 |  8.0
Fighting       | 6 |  6.2
Armour         | 5 |  5.1

Action                     |  1- 3 |  4- 6 |  7- 9 | 10-12 || total
---------------------------+-------+-------+-------+-------++-------
  Melee: War axe           |    42 |   148 |   176 |   191 ||   557
         Headbutt          |     4 |    26 |    25 |    36 ||    91
  Throw: Dart              |       |       |       |     1 ||     1
 Invoke: Heroism           |       |       |     2 |     2 ||     4
         Finesse           |       |       |       |     2 ||     2
Ability: Evoke Blink       |       |       |       |     1 ||     1
  Evoke: Wand              |       |     2 |     4 |     9 ||    15
    Use: Scroll            |       |    13 |     3 |     5 ||    21
         Potion            |       |       |     1 |     4 ||     5
 Armour: Scale mail        |    26 |    30 |       |       ||    56
         Fire dragon scale |       |    56 |    99 |   138 ||   293
  Dodge: Dodged            |    20 |    71 |   110 |    75 ||   276
  Block: Buckler           |    13 |    29 |    57 |    49 ||   148

Table legend: (Time is in decaauts)
 A = Elapsed time spent in this place.
 B = Non-inter-level travel time spent in this place.
 C = Inter-level travel time spent in this place.
 D = Time resting spent in this place.
 E = Time spent auto-exploring this place.
 F = Levels seen in this place.
 G = Mean time per level.
                   A        B        C        D        E       F      G
               +--------+--------+--------+--------+--------+-----+--------+
         Total |  11596 |  11284 |    312 |    493 |   8653 |  13 |  892.0 |
       Dungeon |  11595 |  11283 |    312 |    493 |   8653 |  12 |  966.2 |
        Temple |      1 |      1 |      0 |      0 |      0 |   1 |    1.0 |
               +--------+--------+--------+--------+--------+-----+--------+

Top non-repeatable levels by time:
     D:6: 1518 daAuts
     D:9: 1395 daAuts
     D:5: 1214 daAuts
     D:1: 1118 daAuts
     D:2: 1060 daAuts
    D:10: 1056 daAuts
     D:4: 1021 daAuts
    D:11: 1020 daAuts
     D:3: 772 daAuts
     D:8: 757 daAuts
     D:7: 413 daAuts
    D:12: 245 daAuts
  Temple: 1 daAuts
